 Dungeon Crawl Stone Soup version 0.26-a0-812-g31a745ddcd (webtiles) character file.

Game seed: 10858234370725373231

471 Arthanis the Chopper (level 7, -7/44 HPs)
             Began as a Gargoyle Berserker on Nov 15, 2020.
             Was a Priest of Trog.
             Mangled by an ogre
             ... wielding a +0 giant club
              (11 damage)
             ... on level 4 of the Dungeon.
             The game lasted 00:04:40 (2619 turns).

Arthanis the Chopper (Gargoyle Berserker)           Turns: 2619, Time: 00:04:41

Health: -7/44      AC: 14    Str: 21    XL:     7   Next: 9%
Magic:  7/7        EV:  8    Int:  9    God:    Trog [***...]
Gold:   161        SH:  0    Dex:  9    Spells: 6/6 levels left

rFire    . . .     SeeInvis .   a - +0 hand axe
rCold    . . .     Faith    .   (no shield)
rNeg     + . .     Spirit   .   o - +0 chain mail
rPois    ∞         Reflect  .   (no helmet)
rElec    +         Harm     .   r - scarf {repulsion}
rCorr    .         Rampage  .   (no gloves)
MR       .....                  (no boots)
Stlth    ..........             (no amulet)
HPRegen  0.14/turn              (no ring)
MPRegen  0.10/turn              (no ring)

@: berserk cooldown, slowed, repel missiles, very slow
A: negative energy resistance 1, electricity resistance, unbreathing,
petrification resistance, rot immunity, AC +4
a: Berserk, Trog's Hand, Renounce Religion


You were on level 4 of the Dungeon.
You worshipped Trog.
Trog was most pleased with you.
You visited 1 branch of the dungeon, and saw 4 of its levels.

You collected 161 gold pieces.

Inventory:

Hand Weapons
 a - a +0 hand axe (weapon)
 w - a +0 mace of protection
 x - a +0 trident
Armour
 b - a +0 animal skin
 o - a +0 chain mail (worn)
 r - a scarf of repulsion (worn)
Wands
 s - a wand of random effects (10)
Scrolls
 d - a scroll of magic mapping {unknown}
 g - 2 scrolls of fear {unknown}
 i - 2 scrolls of identify {unknown}
 k - 2 scrolls of fog {unknown}
 m - a scroll of enchant armour {unknown}
 n - 4 scrolls of remove curse {unknown}
 t - a scroll of teleportation {unknown}
 v - a scroll of enchant weapon {unknown}
Potions
 c - a potion of might {unknown}
 e - a potion of flight {unknown}
 f - 3 potions of heal wounds {unknown}
 h - a potion of haste {unknown}
 j - a potion of berserk rage {unknown}
 l - 2 potions of brilliance {unknown}
 p - 6 potions of curing {unknown}
 q - a potion of mutation {unknown}
 u - a potion of lignification {unknown}


   Skills:
 + Level 5.0 Fighting
 * Level 5.3 Axes
 + Level 4.3 Armour
 - Level 2.0 Dodging


You had 6 spell levels left.
You didn't know any spells.
Your spell library was empty.

Dungeon Overview and Level Annotations

Branches:
Dungeon (4/15)
 Temple: D:4-7

Altars:
Fedhas
Okawaru
Trog


Innate Abilities, Weirdness & Mutations

You are resistant to torment.
Your stone body is resilient. (AC +4)
You are immune to poison.
You resist negative energy. (rN+)
You are resistant to electric shocks. (rElec)
You can survive without breathing.
You are immune to petrification.
You are immune to rotting.


Message History

An ogre comes into view. It is wielding a +0 giant club.
An ogre is nearby!
The ogre shouts!
You barely miss the ogre. The ogre hits you with a +0 giant club!
You closely miss the ogre. The ogre barely misses you.
You hit the ogre.
The ogre is lightly wounded.
The ogre hits you with a +0 giant club! x2
* * * LOW HITPOINT WARNING * * *
You are too injured to fight recklessly!
You are too injured to fight recklessly!
You are too injured to fight recklessly!
You are too injured to fight recklessly!
You are too injured to fight recklessly!
You are too injured to fight recklessly!
You're still recovering from your berserk rage.
The ogre hits you with a +0 giant club!
* * * LOW HITPOINT WARNING * * *
The ogre hits you with a +0 giant club!
You die...

#.......................
#.......#####...........
#.......# #...........
#......)# #...........
#.......# #........##.
#..####.# #........# .
#. #.# ######.## #
#.#### .# ##@...####
#.O......## #..........
#.####..##...##
#.......#.....#.
#####......_....
#...#.....#.
#.....##...## ...#.#..
......


You could see an ogre.

Vanquished Creatures
  Edmund (D:4)
  An ogre (D:4)
  2 orc priests (D:3)
  A worker ant (D:4)
  3 gnolls (D:4)
  4 adders
  An ooze (D:2)
  4 worms
  5 dart slugs
  5 leopard geckos
  8 orcs
  5 goblins
  5 hobgoblins
  3 jackals (D:1)
  A ball python (D:3)
  16 bats
  8 frilled lizards
  6 kobolds
  11 rats
90 creatures vanquished.

Notes
Turn   | Place    | Note
-------+----------+-------------------------------------------
     0 | D:1      | Arthanis the Gargoyle Berserker began the quest for the
                  | Orb.
     0 | D:1      | Reached XP level 1. HP: 14/14 MP: 1/1
   251 | D:1      | Reached XP level 2. HP: 16/19 MP: 2/2
   493 | D:1      | Reached XP level 3. HP: 19/23 MP: 3/3
   627 | D:1      | Reached ** piety under Trog
  1086 | D:2      | Reached XP level 4. HP: 29/29 MP: 4/4
  1507 | D:2      | Found a blossoming altar of Fedhas.
  1986 | D:3      | Reached XP level 5. HP: 32/33 MP: 5/5
  2038 | D:3      | Reached *** piety under Trog
  2476 | D:4      | Noticed Edmund
  2487 | D:4      | Killed Edmund
  2487 | D:4      | Reached XP level 6. HP: 39/39 MP: 6/6
  2490 | D:4      | Reached skill level 5 in Axes
  2572 | D:4      | Found a bloodstained altar of Trog.
  2590 | D:4      | Reached skill level 5 in Fighting
  2590 | D:4      | Reached XP level 7. HP: 44/44 MP: 7/7
  2594 | D:4      | Found an iron altar of Okawaru.
  2619 | D:4      | Mangled by an ogre

Illustrated notes

Levels and vault maps discovered:
D:1:      sevenhm_arrival_forest_fort_small_6, layout_rooms
D:2:      minmay_alternating_diamond, layout_rooms, roderic_lattice_a,
          fedhas_altar_2
D:3:      layout_rooms, portal_sewer_entry_b
D:4:      layout_basic, kennysheep_mini_moat, okawaru_gym_becter, uniq_edmund,
          uniq_sigmund, uniq_pikel

Skill      XL: |  1  2  3  4  5  6 |
---------------+-------------------+-----
Axes           | 3 4 5 |  5.3
Dodging        | 2 |  2.0
Armour         | 3 4 |  4.3
Fighting       | 4 5 |  5.0

Action                   |  1- 3 |  4- 6 |  7- 9 || total
-------------------------+-------+-------+-------++-------
Melee: Hand axe          |   113 |   168 |     3 ||   284
Invok: Berserk           |       |     3 |       ||     3
       Trog's Hand       |       |     1 |       ||     1
Armor: Animal skin       |    56 |       |       ||    56
       Chain mail        |     4 |   104 |       ||   108
Dodge: Dodged            |    96 |    62 |     1 ||   159

Table legend: (Time is in decaauts)
 A = Elapsed time spent in this place.
 B = Non-inter-level travel time spent in this place.
 C = Inter-level travel time spent in this place.
 D = Time resting spent in this place.
 E = Time spent auto-exploring this place.
 F = Levels seen in this place.
 G = Mean time per level.
                   A        B        C        D        E       F      G
               +--------+--------+--------+--------+--------+-----+--------+
         Total |   2679 |   2479 |    200 |      0 |   1665 |   4 |  669.8 |
       Dungeon |   2679 |   2479 |    200 |      0 |   1665 |   4 |  669.8 |
               +--------+--------+--------+--------+--------+-----+--------+

Top non-repeatable levels by time:
     D:1: 918 daAuts
     D:2: 854 daAuts
     D:3: 686 daAuts
     D:4: 219 daAuts
